Map: [ESL] Goldenaura

Players

DisK - Winner!

  • Race: Protoss Protoss
  • Spawn Location: 5:00

Maplez

  • Race: Protoss Protoss
  • Spawn Location: 12:00

Event: ESL SC2 Masters 2024 Spring (Regional)

VOD

Have the link to the VOD?

Description

Time

  • Played on: April 14, 2024, 10:56 a.m.
  • Length: 5:06

All games in this series

Show
View Real Time Build Order
Export as new Build Order

DisK Protoss - Winner!

Build Orders: Blink Stalkers 

Get SALT Encoding   

  12  0:00  Probe  
  13  0:12  Probe  
  14  0:17  Pylon  
  14  0:24  Probe  
  15  0:35  Gateway  
  15  0:36  Probe (Chrono Boost)  
  16  0:45  Probe (Chrono Boost)  
  16  0:46  Assimilator  
  17  0:51  Probe (Chrono Boost)  
  17  0:55  Assimilator  
  18  1:03  Probe (Chrono Boost)  
  19  1:09  Gateway  
  19  1:14  Probe (Chrono Boost)  
  20  1:18  Probe (Chrono Boost)  
  20  1:25  Cybernetics Core  
  21  1:29  Probe  
  22  1:35  Pylon  
  22  1:41  Probe  
  23  1:54  Probe  
  24  2:00  Stalker  
  24  2:01  Stalker  
  27  2:02  Warp Gate  
  27  2:10  Pylon  
  27  2:18  Twilight Council  
  27  2:32  Stalker  
  27  2:35  Stalker  
  31  2:45  Shield Battery  
  31  2:56  Blink (Chrono Boost)  
  31  2:58  Pylon  
  30  3:17  Stalker  
  32  3:22  Gateway  
  32  3:25  Pylon  
  32  3:34  Pylon  
  32  3:53  Robotics Facility  
  32  4:05  Stalker x2  
  32  4:16  Pylon  
  32  4:20  Stalker  
  34  4:37  Stalker  
  34  4:38  Observer, Stalker  
Show
View Real Time Build Order
Export as new Build Order

Maplez Protoss 

Build Orders: Dark Templar Rush 

Get SALT Encoding   

  12  0:00  Probe  
  13  0:12  Probe  
  14  0:17  Pylon  
  14  0:24  Probe (Chrono Boost)  
  16  0:37  Probe (Chrono Boost)  
  16  0:38  Gateway  
  16  0:42  Probe (Chrono Boost)  
  16  0:46  Assimilator  
  17  0:51  Probe  
  17  0:55  Assimilator  
  18  1:04  Probe (Chrono Boost)  
  19  1:08  Gateway  
  19  1:15  Probe (Chrono Boost)  
  20  1:24  Probe  
  21  1:27  Cybernetics Core  
  21  1:36  Probe  
  22  1:41  Pylon  
  22  1:48  Probe  
  23  2:00  Probe  
  24  2:04  Adept x2  
  24  2:05  Warp Gate (Chrono Boost)  
  28  2:13  Pylon  
  28  2:16  Probe  
  29  2:33  Twilight Council  
  28  2:38  Stalker  
  28  2:43  Stalker  
  32  2:48  Probe  
  33  3:02  Pylon  
  33  3:08  Gateway  
  33  3:29  Dark Shrine  
  31  3:48  Pylon  
  27  3:50  Sentry, Stalker  
  23  4:15  Gateway  
  19  4:22  Stalker x2  
  23  4:35  Pylon  
  18  4:46  Pylon  
  15  4:55  Dark Templar  
Tags
 
Add a new tag
Caveats
  • Supply blocks, unpowered buildings, or Contaminate may cause inaccurate times.
  • Supply counts are checked every 10 seconds.